 Dungeon Crawl Stone Soup version 0.24-a0-416-g56ce5178b7 (webtiles) character file.

Game seed: 2601030090044599196

2837 HAL9000 the Transmogrifier (level 9, -1/64 HPs)
             Began as a White Draconian Transmuter on June 9, 2019.
             Was a Follower of Ru.
             Killed from afar by an orc wizard (9 damage)
             ... with a magic dart
             ... on level 7 of the Dungeon.
             The game lasted 00:11:41 (9039 turns).

HAL9000 the Transmogrifier (DrTm)                   Turns: 9039, Time: 00:11:41

Health: -1/64      AC:  2    Str: 16    XL:     9   Next: 46%
Magic:  10/12      EV: 19    Int: 15    God:    Ru [*.....]
Gold:   362        SH:  0    Dex: 18    Spells: 1/12 levels left

rFire    . . .     SeeInvis .     - Unarmed
rCold    . . .     Gourm    .   (shield currently unavailable)
rNeg     . . .     Faith    .   (armour unavailable)
rPois    x         Spirit   .   (helmet currently unavailable)
rElec    .         Reflect  .   (cloak currently unavailable)
rCorr    .         Harm     .   (gloves currently unavailable)
MR       .....                  (boots currently unavailable)
Stlth    ++........             A - amulet of magic regeneration
HPRegen  0.20/turn              v - +3 ring of strength
MPRegen  0.38/turn              (no ring)

@: spider-form, no potions, lightly drained
A: tiny, (breathe frost), unfitting armour, inability to drink while threatened,
AC +7
a: End Transformation, Renounce Religion


You were on level 7 of the Dungeon.
You worshipped Ru.
Ru was aware of your devotion.
You were hungry.
You were a venomous arachnid creature.
You visited 2 branches of the dungeon, and saw 9 of its levels.

You collected 362 gold pieces.

Inventory:

Missiles
 a - 147 arrows
Armour
 d - a +0 pair of boots (melded)
 y - a +0 buckler
Jewellery
 v - a +3 ring of strength (left front leg)
 A - an amulet of magic regeneration (around neck)
Wands
 o - a wand of disintegration (11)
 s - a wand of iceblast (21)
 B - a wand of flame (18)
Scrolls
 b - 2 scrolls of remove curse
 e - a scroll of fear {unknown}
 f - 2 scrolls of blinking
 g - 2 scrolls of fog
 h - 3 scrolls of magic mapping
 k - 4 scrolls of enchant weapon
 p - 2 scrolls of amnesia
 q - 3 scrolls of teleportation
 u - a scroll of enchant armour
 x - 2 scrolls of immolation {unknown}
 D - a scroll of identify
Potions
 i - 2 potions of curing
 j - a potion of agility
 l - a potion of haste {unknown}
 m - 4 potions of heal wounds
 n - 3 potions of mutation
 r - 2 potions of flight
 t - a potion of berserk rage
 w - a potion of lignification {unknown}
 z - a potion of brilliance
Comestibles
 c - 17 rations
 C - a chunk of flesh


   Skills:
 - Level 1.1(1.0) Fighting
 - Level 1.7 Dodging
 - Level 9.0(8.9) Unarmed Combat
 - Level 2.0(1.9) Spellcasting
 + Level 10.2 Transmutations


You had one spell level left.
You knew the following spells:

 Your Spells              Type           Power        Failure   Level  Hunger
a - Beastly Appendage     Tmut           ####..       2%          1    ##.....
b - Sticks to Snakes      Tmut           ####....     3%          2    ###....
c - Spider Form           Tmut/Pois      ###.......   22%         3    ####...
d - Blade Hands           Tmut           ####......   22%         5    ######.

Your spell library contained the following spells:

 Spells                   Type           Power        Failure   Level  Hunger
 Ice Form                 Ice/Tmut       ###.....     47%         4    #####..


Dungeon Overview and Level Annotations

Branches:
Dungeon (8/15)             Temple (1/1) D:5
   Lair: D:8-11

Altars:
Ashenzari
Cheibriados
Dithmenos
Elyvilon
Fedhas
Gozag
Hepliaklqana
Kikubaaqudgha
Makhleb
Nemelex Xobeh
Okawaru
Qazlal
Ru
Sif Muna
Trog
Uskayaw
Vehumet
Wu Jian
Xom
Yredelemnul
Zin
The Shining One


Innate Abilities, Weirdness & Mutations

((You can breathe waves of freezing cold.))
((You can buffet flying creatures when you breathe cold.))
((Your icy white scales are hard. (AC +7)))
You cannot fit into any form of body armour.
((Your flesh is cold resistant. (rC+)))
((You are cold-blooded and may be slowed by cold attacks.))
You cannot drink potions while threatened.


Message History

Your +0 pair of boots melds into your body.
The orc wizard gestures at you while chanting.
The magic dart hits you!
The orc wizard hits you with a +0 dagger.
You barely miss the orc priest.
The orc priest calls down the wrath of Beogh upon you.
Beogh smites you!
* * * LOW HITPOINT WARNING * * *
The orc wizard closely misses you.
Unknown command.
You bite the orc priest!
The orc priest is heavily wounded.
The orc wizard closely misses you. The orc priest hits you with a +0 club.
* * * LOW HITPOINT WARNING * * *
Unknown command.
You bite the orc priest!
You kill the orc priest!
The orc wizard casts a spell at you. The magic dart hits you!
You die...

..## ###.....# #..#
.## ##.).....###..#
.# #.........##..#
.## #.........##..#
#.## ##.........#..#
#..## #.........#..#
##..## #.........#..#
###..###........))..#
...#..##........so..#
...##.###...........#
....##.##...........#
....##..#.........#.#
.....##..#..........#
.....###....[.......#
......###.....[.....#
......####..........#
.......# #........#.#


You could see an orc wizard.

Vanquished Creatures
  Pikel (D:7)
  Sigmund (D:3)
  Duvessa (D:7)
  A sky beast (D:5)
  A slave (D:7)
  An ice beast (D:5)
  A necrophage (D:7)
  An orc warrior (D:7)
  An ogre (D:6)
  A phantom (D:6)
  2 centaurs
  2 big kobolds (D:7)
  A bullfrog (D:6)
  Dowan (D:7)
  4 scorpions
  4 crimson imps
  A centaur zombie (D:2)
  A jelly (D:7)
  3 orc priests
  A centaur skeleton (D:5)
  2 bullfrog skeletons
  2 hounds
  2 orc wizards
  Ijyb (D:3)
  An iguana (D:5)
  Natasha (thrice) (D:4)
  5 worker ants
  Terence (D:3)
  A hound skeleton (D:6)
  2 gnolls (D:2)
  7 adders
  A shadow imp (D:6)
  3 oozes
  An adder zombie (D:7)
  2 worms
  3 dart slugs
  3 leopard geckos
  13 orcs
  4 giant cockroaches
  6 goblins
  9 hobgoblins
  13 jackals
  19 kobolds
  4 quokkas
  A ball python (D:3)
  8 bats
  7 frilled lizards
  A jackal skeleton (D:4)
  6 rats
161 creatures vanquished.

Vanquished Creatures (collateral kills)
  An adder (D:7)
  2 gnolls (D:2)
3 creatures vanquished.

Vanquished Creatures (others)
  An orc priest (D:7)
  A jackal (D:7)
2 creatures vanquished.

Grand Total: 166 creatures vanquished

Notes
Turn   | Place    | Note
-------+----------+-------------------------------------------
     0 | D:1      | HAL9000 the Draconian Transmuter began the quest for the
                  | Orb.
     0 | D:1      | Reached XP level 1. HP: 16/16 MP: 3/3
    33 | D:1      | Reached XP level 2. HP: 12/23 MP: 3/5
   861 | D:1      | Reached XP level 3. HP: 13/28 MP: 6/6
  1323 | D:2      | Learned a level 2 spell: Sticks to Snakes
  1794 | D:2      | Reached skill level 5 in Unarmed Combat
  1794 | D:2      | Reached XP level 4. HP: 27/35 MP: 7/7
  1802 | D:2      | Learned a level 3 spell: Spider Form
  2516 | D:2      | Reached XP level 5. HP: 32/40 MP: 8/8
  2549 | D:2      | Found an ancient bone altar of Kikubaaqudgha.
  2902 | D:3      | Noticed Terence
  2911 | D:3      | Killed Terence
  3181 | D:3      | Noticed Ijyb
  3196 | D:3      | Killed Ijyb
  3333 | D:3      | Found a white marble altar of Elyvilon.
  3362 | D:3      | Noticed Sigmund
  3370 | D:3      | Killed Sigmund
  3370 | D:3      | Reached XP level 6. HP: 47/47 MP: 2/9
  3996 | D:4      | Your scales start taking on an icy white colour.
  3996 | D:4      | Reached XP level 7. HP: 46/52 MP: 10/10
  3996 | D:4      | Gained mutation: Your flesh is cold resistant. (rC+) [White
                  | Draconian growth]
  4065 | D:4      | Noticed Natasha
  4071 | D:4      | Killed Natasha
  4140 | D:4      | Noticed Natasha
  4156 | D:4      | Killed Natasha
  4303 | D:4      | Noticed Natasha
  4315 | D:4      | Killed Natasha
  4673 | D:5      | Entered Level 5 of the Dungeon
  4674 | D:5      | Found a white marble altar of Elyvilon.
  4675 | D:5      | Found a bloodstained altar of Trog.
  4675 | D:5      | Found a deep blue altar of Sif Muna.
  4676 | D:5      | Found a burning altar of Makhleb.
  4772 | D:5      | Found a staircase to the Ecumenical Temple.
  4845 | Temple   | Entered the Ecumenical Temple
  4948 | Temple   | Became a worshipper of Ru the Awakened
  5304 | D:5      | Reached skill level 3 in Transmutations
  5517 | D:5      | Reached skill level 4 in Transmutations
  5545 | D:5      | Reached XP level 8. HP: 52/59 MP: 11/11
  6012 | D:5      | Reached skill level 5 in Transmutations
  6519 | D:6      | Reached skill level 6 in Transmutations
  6527 | D:6      | Learned a level 5 spell: Blade Hands
  7258 | D:6      | Reached skill level 7 in Transmutations
  7495 | D:7      | Noticed Pikel
  7539 | D:7      | Reached skill level 8 in Transmutations
  7546 | D:7      | Killed Pikel
  7546 | D:7      | Reached skill level 9 in Transmutations
  7546 | D:7      | Reached XP level 9. HP: 16/64 MP: 12/12
  8178 | D:7      | Noticed Duvessa
  8179 | D:7      | Noticed Dowan
  8187 | D:7      | Killed Duvessa
  8190 | D:7      | Killed Dowan
  8215 | D:7      | Gained mutation: You cannot drink potions while threatened.
                  | [Ru sacrifice]
  8215 | D:7      | Reached * piety under Ru
  8271 | D:7      | Reached skill level 10 in Transmutations
  9039 | D:7      | Killed from afar by an orc wizard

Levels and vault maps discovered:
D:1:      lightli_arrival_chessboard, layout_basic
D:2:      minmay_recursive_quarters, layout_basic, serial_forest,
          infiniplex_forest_straight_1, infiniplex_forest_side_room,
          infiniplex_forest_lined_room_3, infiniplex_forest_lined_room_3,
          infiniplex_forest_fountain, hangedman_decor_clover_reticule,
          lemuel_altar_in_water
D:3:      layout_rooms, elyvilon_altar_1, uniq_sigmund, uniq_terence, uniq_ijyb
D:4:      layout_layer_cave, uniq_natasha
D:5:      layout_loops_cross, chequers_temple_overflow_statue_of_worship,
          minmay_temple_entry_grid, first_ration
D:6:      layout_loops_ring
D:7:      nicolae_whirlpool, layout_cave_pods, uniq_duvessa, uniq_pikel
D:8:      layout_gridville, enter_bailey_2, uniq_psyche, uniq_prince_ribbit1,
          uniq_erica
Temple:   regret_index_temple_mists

Skill      XL: |  1  2  3  4  5  6  7  8  9 |
---------------+----------------------------+-----
Unarmed Combat | 4 5 7 8 9 |  9.0
Transmutations | 4 9 10 | 10.2
Fighting       | |  1.1
Dodging        | |  1.7
Spellcasting   | |  2.0

Action                   |  1- 3 |  4- 6 |  7- 9 || total
-------------------------+-------+-------+-------++-------
Melee: Unarmed           |   136 |   172 |   299 ||   607
       Tailslap          |    17 |    14 |    30 ||    61
       Headbutt          |     5 |       |     2 ||     7
       Kick              |     3 |       |       ||     3
       Punch             |       |     1 |     8 ||     9
 Cast: Beastly Appendage |    13 |     1 |     1 ||    15
       Sticks to Snakes  |       |     3 |     4 ||     7
       Spider Form       |       |     7 |    14 ||    21
       Blade Hands       |       |       |     1 ||     1
Invok: Sacrifice Drink   |       |       |     1 ||     1
 Abil: Breathe Frost     |       |       |     5 ||     5
  Use: Scroll            |       |       |    19 ||    19
       Potion            |       |       |     1 ||     1
 Stab: Sleeping          |     1 |       |     1 ||     2
  Eat: Chunk             |     3 |     9 |     9 ||    21
       Ration            |       |       |     3 ||     3
Armor: Skin              |    39 |    41 |    65 ||   145
Dodge: Dodged            |    91 |   123 |   177 ||   391

Table legend:
 A = Non-vault XP
 B = Vault XP
 C = Vault XP percentage of total XP
 D = Non-vault monster count
 E = Vault monster count
 F = Vault count percentage of total count
                 A         B        C        D         E       F
            +---------+---------+-------+---------+---------+-------
      Total |    2747 |    1307 |  32.2 |     151 |      12 |   7.4
            +---------+---------+-------+---------+---------+-------
        D:1 |      45 |       0 |   0.0 |      24 |       0 |   0.0
        D:2 |     125 |      29 |  18.8 |      21 |       4 |  16.0
        D:3 |      91 |     291 |  76.2 |      25 |       3 |  10.7
        D:4 |     293 |      33 |  10.1 |      20 |       1 |   4.8
        D:5 |     721 |       0 |   0.0 |      14 |       0 |   0.0
        D:6 |     565 |       0 |   0.0 |      13 |       0 |   0.0
        D:7 |     868 |     954 |  52.4 |      33 |       4 |  10.8
        D:8 |      39 |       0 |   0.0 |       1 |       0 |   0.0
            +---------+---------+-------+---------+---------+-------
